Get step-by-step instructions on how to execute this build order below. Start the game timer, and the build order will tick by so you can play in parallel with StarCraft on a second screen or mobile device.

Game Time

  0:00

Last Step

  N/A

Next Step

Upcoming Step



Don't want to look back and forth between 2 screens? Try out our Overwolf App, the Spawning Tool Build Advisor to get an in-game overlay with this build!

Complete Build Order

  12  0:01  Probe (Chrono Boost)  
  13  0:11  Probe (Chrono Boost)  
  14  0:18  Pylon  
  14  0:23  Probe (Chrono Boost)  
  15  0:36  Probe (Chrono Boost)  
  16  0:47  Probe (Chrono Boost)  
  17  0:58  Probe (Chrono Boost)  
  18  1:04  Nexus  
  18  1:09  Probe (Chrono Boost)  
  19  1:18  Gateway  
  19  1:23  Assimilator  
  19  1:29  Assimilator  
  19  1:31  Probe (Chrono Boost)  
  20  1:43  Forge  
  20  1:46  Probe (Chrono Boost)  
  21  1:56  Probe (Chrono Boost)  
  22  2:05  Cybernetics Core  
  22  2:07  Probe (Chrono Boost)  
  23  2:16  Protoss Ground Weapons Level 1  
  23  2:17  Probe (Chrono Boost)  
  24  2:26  Probe (Chrono Boost)  
  24  2:28  Probe (Chrono Boost)  
  26  2:37  Probe (Chrono Boost)  
  26  2:38  Probe (Chrono Boost)  
  26  2:42  Adept  
  26  2:43  Warp Gate  
  29  2:48  Mothership Core (Chrono Boost)  
  31  2:52  Probe (Chrono Boost)  
  32  3:02  Probe (Chrono Boost), Pylon  
  33  3:06  Probe (Chrono Boost)  
  34  3:13  Probe (Chrono Boost)  
  34  3:16  Probe (Chrono Boost)  
  36  3:22  Pylon  
  36  3:24  Probe (Chrono Boost)  
  38  3:27  Probe (Chrono Boost)  
  39  3:34  Probe (Chrono Boost)  
  39  3:37  Probe (Chrono Boost)  
  39  3:41  Assimilator  
  40  3:42  Assimilator  
  40  3:45  Probe (Chrono Boost)  
  40  3:47  Nexus  
  41  3:52  Probe (Chrono Boost)  
  42  4:02  Twilight Council  
  42  4:06  Sentry  
  44  4:11  Probe x2 (Chrono Boost)  
  46  4:19  Robotics Facility  
  46  4:21  Probe (Chrono Boost)  
  46  4:22  Probe (Chrono Boost)  
  48  4:25  Pylon  
  48  4:28  Pylon  
  48  4:32  Probe x2 (Chrono Boost)  
  50  4:39  Protoss Ground Weapons Level 2 (Chrono Boost)  
  50  4:41  Resonating Glaives  
  50  4:43  Probe x2 (Chrono Boost)  
  52  4:49  Gateway  
  52  4:53  Gateway  
  52  4:57  Gateway  
  52  5:07  Probe x2 (Chrono Boost)  
  52  5:12  Adept  
  52  5:13  Photon Cannon  
  56  5:16  Probe (Chrono Boost)  
  56  5:18  Probe x2 (Chrono Boost)  
  59  5:23  Warp Prism  
  61  5:30  Probe x3 (Chrono Boost)  
  61  5:33  Assimilator  
  61  5:35  Assimilator  
  67  5:42  Probe x2 (Chrono Boost)  
  67  5:43  Probe (Chrono Boost)  
  67  5:48  Adept x2  
  71  5:53  Probe x3 (Chrono Boost)  
  74  6:00  Immortal  
  78  6:06  Gateway  
  78  6:09  Gateway  
  78  6:10  Gateway  
  78  6:11  Gateway  
  78  6:18  Templar Archives  
  78  6:21  Pylon  
  78  6:22  Charge  
  78  6:23  Probe x2 (Chrono Boost)  
  78  6:24  Probe (Chrono Boost)  
  81  6:26  Pylon x2  
  81  6:28  Sentry x2  
  85  6:35  Immortal  
  85  6:43  Sentry  
  85  6:44  Sentry  
  93  6:51  Pylon, Photon Cannon  
  93  6:53  Pylon  
  93  6:54  Probe x3  
  96  7:17  High Templar x6  
  96  7:18  High Templar  
  96  7:21  Archon x3  
  96  7:22  Immortal  
  110  7:23  Stalker  
  116  7:49  High Templar  
  118  7:53  Zealot x3  
  118  7:56  Immortal  
  116  8:00  Zealot x4  
  88  8:17  Zealot x3  
  92  8:23  Zealot x4  
  92  8:24  Zealot  
  98  8:27  Probe  
  98  8:28  Probe x2  
  98  8:30  Immortal  
  98  8:31  Pylon  
  98  8:34  Pylon  
  101  8:38  Protoss Ground Weapons Level 3 (Chrono Boost)  
  101  8:40  Probe, High Templar  
  108  8:41  High Templar x2  
  108  8:44  Archon  
  108  8:45  Archon  
  112  8:48  Gateway  
  112  8:49  Gateway  
  112  8:52  Gateway  
  112  9:02  Nexus  
  112  9:04  Pylon  
  112  9:05  Zealot  
  112  9:07  Zealot x3, Pylon  
  112  9:08  Zealot  
  112  9:09  Immortal  
  120  9:11  Pylon  
  120  9:14  Assimilator  
  124  9:18  Assimilator  
  124  9:28  Zealot  
  124  9:29  Zealot x7  
  140  9:43  Immortal  
  140  9:50  High Templar x9  
  140  9:52  Zealot  
  164  9:55  Archon x4  
  164  10:02  Pylon  
  164  10:04  Pylon  
  164  10:06  Pylon  
  164  10:07  Pylon  
  164  10:22  Zealot  
  164  10:23  Zealot x8  
  164  10:24  Zealot x2  
  164  10:28  Warp Prism  
  158  10:50  Probe  
  158  10:51  Probe  
  158  10:52  Probe x2  
  158  10:56  High Templar x6  
  174  10:58  Zealot x2  
  174  10:59  Zealot x3  
  174  11:00  Immortal, Archon x2  
  174  11:01  Probe, Archon  
  174  11:03  Probe  
  190  11:22  Nexus  
  190  11:24  Zealot x3, Pylon  
  190  11:25  Zealot x2  
  200  11:27  Pylon  
  180  11:43  Zealot x6  
  176  12:01  High Templar x5  
  178  12:05  Archon x2